 Dungeon Crawl Stone Soup version 0.31-a0-369-g8eba5f6939 (webtiles) character file.

Game seed: 13010781271353895523

274 cforsyth the Charlatan (level 6, -1/47 HPs)
             Began as a Gnoll Artificer on July 28, 2023.
             Killed by divine providence
             ... invoked by an orc priest
              (12 damage)
             ... on level 4 of the Dungeon.
             The game lasted 00:03:29 (2467 turns).

cforsyth the Charlatan (Gnoll Artificer)            Turns: 2467, Time: 00:03:30

Health: -1/47      AC:  9    Str: 13    XL:     6   Next: 24%
Magic:  8/8        EV: 16    Int: 10    God:
Gold:   193        SH:  0    Dex: 13    Spells: 8/8 levels left

rFire   . . .        l - +2 hand axe (venom)
rCold   . . .        (no shield)
rNeg    + . .        f - +0 ring mail {rN+}
rPois   .            (no helmet)
rElec   .            (no cloak)
rCorr   .            j - +2 pair of gloves
SInv    .            (no boots)
Will    .....        (no amulet)
Stlth   ++           p - +5 ring of evasion
HPRegen 0.27/turn    (no ring)
MPRegen 0.11/turn

%: no passive effects
@: hasted, very quick
A: fangs 1, strong nose, distributed training
a: no special abilities


You were on level 4 of the Dungeon.
You visited 1 branch of the dungeon, and saw 4 of its levels.

You collected 193 gold pieces.

Inventory:

Hand Weapons
 a - a +0 club
 l - a +2 hand axe of venom (weapon)
Armour
 b - a +0 leather armour
 f - a +0 ring mail of positive energy (worn)
 j - a +2 pair of gloves (worn)
Jewellery
 p - a +5 ring of evasion (left hand)
Wands
 c - a wand of flame (15) (quivered)
 d - a wand of charming (15)
 e - a wand of iceblast (5)
 r - a wand of digging (6)
Scrolls
 g - a scroll of teleportation {unknown}
 h - a scroll of revelation {unknown}
 m - 2 scrolls of fear {unknown}
 n - a scroll of amnesia {unknown}
 q - a scroll of enchant weapon {unknown}
 s - 5 scrolls of identify {unknown}
 x - 2 scrolls of noise {unknown}
Potions
 i - 2 potions of haste
 k - 2 potions of ambrosia {unknown}
 o - 2 potions of curing {unknown}
 t - a potion of magic {unknown}
 u - a potion of might {unknown}
 v - a potion of heal wounds {unknown}
 w - a potion of brilliance {unknown}


   Skills:
 + Level 3.2 Fighting
 + Level 1.9 Short Blades
 + Level 1.9 Long Blades
 + Level 1.9 Axes
 + Level 1.9 Maces & Flails
 + Level 1.9 Polearms
 + Level 1.9 Staves
 + Level 1.9 Ranged Weapons
 + Level 1.9 Throwing
 + Level 5.0 Armour
 + Level 3.2 Dodging
 + Level 3.0 Stealth
 + Level 1.9 Shields
 + Level 1.9 Unarmed Combat
 + Level 1.9 Spellcasting
 + Level 1.5 Conjurations
 + Level 1.5 Hexes
 + Level 1.5 Summonings
 + Level 1.5 Necromancy
 + Level 1.5 Translocations
 + Level 1.5 Transmutations
 + Level 1.5 Fire Magic
 + Level 1.5 Ice Magic
 + Level 1.5 Air Magic
 + Level 1.5 Earth Magic
 + Level 1.5 Poison Magic
 + Level 2.1 Invocations
 + Level 6.8 Evocations
 + Level 1.5 Shapeshifting


You had 8 spell levels left.
You didn't know any spells.
Your spell library contained the following spells:

 Spells                   Type           Power      Damage    Failure   Level
 Ensorcelled Hibernation  Hex/Ice        8%         N/A       45%         2
 Hailstorm                Conj/Ice       4%         3d4       69%         3
 Vhi's Electric Charge    Tloc/Air       8%         N/A       69%         3
 Anguish                  Hex/Necr       2%         N/A       97%         4
 Summon Ice Beast         Ice/Summ       4%         N/A       97%         4
 Arcjolt                  Conj/Air       2%         1d12      100%        5
 Simulacrum               Ice/Necr       2%         N/A       100%        6
 Maxwell's Capacitive Co  Air            2%         ∞         100%        8


Dungeon Overview and Level Annotations

Branches:
Dungeon (4/15)
 Temple: D:4-7

Altars:
Okawaru

Shops:
D:2 =


Innate Abilities, Weirdness & Mutations

You have very sharp teeth.
Your uncanny sense of smell can sniff out nearby items.
Your experience applies equally to all skills.


Message History

The gnoll closely misses you.
A gnoll comes into view. It is wielding a +0 flail.
You hit the gnoll but do no damage.
The gnoll looks as sick as possible!
The gnoll is severely wounded.
The gnoll hits you but does no damage.
You barely miss the gnoll.
The gnoll is almost dead.
You hit the orc but do no damage.
The orc is poisoned.
You kill the gnoll!
The orc hits you with a +0 mace.
The orc priest looks encouraged for a moment.
You closely miss the orc. You bite the orc, but do no damage.
The orc is lightly wounded.
You hit the orc.
The orc is poisoned.
The orc closely misses you.
You hit the orc.
The orc looks as sick as possible!
You bite the orc, but do no damage.
The orc is heavily wounded.
You hit the orc but do no damage. You barely miss the orc priest.
You hit the orc.
The orc looks as sick as possible!
You kill the orc! x2
The orc hits you but does no damage.
The orc priest hits you but does no damage.
The orc hits you with a +0 dagger.
The orc priest mumbles some strange prayers to Beogh against you.
Beogh smites you!
* * * LOW HITPOINT WARNING * * *
The orc hits you with a +0 club.
* * * LOW HITPOINT WARNING * * *
Your Armour skill increases to level 5!
You are too injured to fight recklessly!
You are too injured to fight recklessly!
You are too injured to fight recklessly!
You are too injured to fight recklessly!
It was a potion of haste.
You feel yourself speed up. The orc hits you with a +0 club.
* * * LOW HITPOINT WARNING * * *
The orc hits you but does no damage.
The orc priest calls down the wrath of Beogh upon you.
Beogh smites you!
You die...

...# #<. ######..
.##### #....... ∆.>.##.
#......###......# ###
#....gg..$ ... ##.#
#..?.ooo########.##.^.#
#....)@.......<.....##.
#......#.......##..###.
##...###.......###.....
#..#. #......#######.#
#. # ##..####.......# #
#..###.##....#####.#
#........#### #..
.....####### ### ####


You could see an orc priest, a gnoll, 2 orcs and a hobgoblin.

Vanquished Creatures
  3 iguanas
  2 orc wizards
  2 gnolls (D:4)
  3 adders
  2 worms
  A dart slug (D:2)
  8 orcs
  5 endoplasms
  6 giant cockroaches
  8 goblins
  7 hobgoblins
  3 jackals (D:3)
  2 kobolds (D:4)
  2 quokkas
  7 ball pythons
  14 bats
  6 frilled lizards
  6 rats
87 creatures vanquished.

Notes
Turn   | Place    | Note
-------+----------+-------------------------------------------
     0 | D:1      | cforsyth the Gnoll Artificer began the quest for the Orb.
     0 | D:1      | Reached XP level 1. HP: 17/17 MP: 1/1
   177 | D:1      | Reached XP level 2. HP: 23/23 MP: 2/2
  1047 | D:2      | Reached XP level 3. HP: 28/28 MP: 3/3
  1273 | D:2      | Found a faded altar of an unknown god.
  1298 | D:2      | Reached skill level 1 in Invocations
  1348 | D:2      | Reached skill level 1 in Short Blades
  1348 | D:2      | Reached skill level 1 in Long Blades
  1348 | D:2      | Reached skill level 1 in Axes
  1348 | D:2      | Reached skill level 1 in Maces & Flails
  1348 | D:2      | Reached skill level 1 in Polearms
  1348 | D:2      | Reached skill level 1 in Staves
  1348 | D:2      | Reached skill level 1 in Ranged Weapons
  1348 | D:2      | Reached skill level 1 in Throwing
  1348 | D:2      | Reached skill level 1 in Shields
  1348 | D:2      | Reached skill level 1 in Unarmed Combat
  1348 | D:2      | Reached skill level 1 in Spellcasting
  1391 | D:2      | Reached XP level 4. HP: 33/34 MP: 5/5
  1393 | D:2      | Reached skill level 1 in Conjurations
  1393 | D:2      | Reached skill level 1 in Hexes
  1393 | D:2      | Reached skill level 1 in Summonings
  1393 | D:2      | Reached skill level 1 in Necromancy
  1393 | D:2      | Reached skill level 1 in Translocations
  1393 | D:2      | Reached skill level 1 in Transmutations
  1393 | D:2      | Reached skill level 1 in Fire Magic
  1393 | D:2      | Reached skill level 1 in Ice Magic
  1393 | D:2      | Reached skill level 1 in Air Magic
  1393 | D:2      | Reached skill level 1 in Earth Magic
  1393 | D:2      | Reached skill level 1 in Poison Magic
  1393 | D:2      | Reached skill level 1 in Shapeshifting
  1423 | D:2      | Found Yppyor's One-of-a-Kind Rings.
  1672 | D:3      | Reached XP level 5. HP: 38/40 MP: 5/7
  1751 | D:3      | Found an iron altar of Okawaru.
  2431 | D:4      | Reached XP level 6. HP: 47/47 MP: 8/8
  2467 | D:4      | Reached skill level 5 in Armour
  2467 | D:4      | Killed from afar by an orc priest

Illustrated notes

Levels and vault maps discovered:
D:1:      spicycebolla_green_bress_n_ham, layout_loops_corners, minmay_tall_x
D:2:      layout_basic, nicolae_ecumenical_pavilion, nicolae_shop_unique_rings
D:3:      layout_basic, okawaru_gym_becter, minmay_misc_feat_pillars,
          kennysheep_generic_room_15
D:4:      layout_rooms, grunt_temple_overflow_forces_of_nature,
          beargit_hepliaklqana_dungeon_heroes, mainiacjoe_overflow_alcove_4,
          minmay_bisected

Skill      XL: |  1  2  3  4  5  6 |
---------------+-------------------+-----
Invocations    | 1 2 |  2.1
Short Blades   | 1 |  1.9
Long Blades    | 1 |  1.9
Axes           | 1 |  1.9
Maces & Flails | 1 |  1.9
Polearms       | 1 |  1.9
Staves         | 1 |  1.9
Ranged Weapons | 1 |  1.9
Throwing       | 1 |  1.9
Shields        | 1 |  1.9
Unarmed Combat | 1 |  1.9
Spellcasting   | 1 |  1.9
Conjurations   | 1 |  1.5
Hexes          | 1 |  1.5
Summonings     | 1 |  1.5
Necromancy     | 1 |  1.5
Translocations | 1 |  1.5
Transmutations | 1 |  1.5
Fire Magic     | 1 |  1.5
Ice Magic      | 1 |  1.5
Air Magic      | 1 |  1.5
Earth Magic    | 1 |  1.5
Poison Magic   | 1 |  1.5
Shapeshifting  | 1 |  1.5
Fighting       | 3 |  3.2
Dodging        | 3 |  3.2
Stealth        | 3 |  3.0
Armour         | 5 |  5.0
Evocations     | |  6.8

Action                     |  1- 3 |  4- 6 || total
---------------------------+-------+-------++-------
  Melee: Club              |    57 |       ||    57
         Bite              |     5 |     8 ||    13
         Hand axe          |    55 |    96 ||   151
         Punch             |     1 |     3 ||     4
    Use: Potion            |       |     1 ||     1
   Stab: Sleeping          |     3 |     5 ||     8
 Armour: Ring mail         |    39 |    29 ||    68
  Dodge: Dodged            |    74 |    65 ||   139

Table legend: (Time is in decaauts)
 A = Elapsed time spent in this place.
 B = Non-inter-level travel time spent in this place.
 C = Inter-level travel time spent in this place.
 D = Time resting spent in this place.
 E = Time spent auto-exploring this place.
 F = Levels seen in this place.
 G = Mean time per level.
                   A        B        C        D        E       F      G
               +--------+--------+--------+--------+--------+-----+--------+
         Total |   2519 |   2469 |     50 |      3 |   1885 |   4 |  629.8 |
       Dungeon |   2519 |   2469 |     50 |      3 |   1885 |   4 |  629.8 |
               +--------+--------+--------+--------+--------+-----+--------+

Top non-repeatable levels by time:
     D:1: 1014 daAuts
     D:3: 730 daAuts
     D:2: 547 daAuts
     D:4: 226 daAuts
